AoeStats
← rikardo.zamora

Arena

508575552Analyzed
1v1 RM · 8d ago on Sep 23, 2026· 31m 57s· 2 players
Game mode
Random Map
Map size
Tiny (2 player)
Population
200
Speed
Normal
Resources
Standard
Victory
Conquest
Starting age
Dark Age
Ending age
Imperial Age
RankedLock teamsTeams togetherTeam positionsShared explorationLock speedFull tech treeHidden civsTurbo modeCheats
Victory
Defeat
🇺🇸 Bohemians · United States
616
+17
🇲🇽 Celts · Mexico
637
-17
gobears_teddybears
5:20 Loom
11:00 Feudal Age
12:05 Double-Bit Axe
18:55 Castle Age
17:53 Fletching
18:27 Scale Barding Armor
19:04 Horse Collar
19:20 Light Cavalry
22:58 Chemistry
26:33 Bodkin Arrow
26:59 Bow Saw
32:23 Imperial Age
31:48 Wheelbarrow
30:59 Town Watch
rikardo.zamora
2:50 Loom
11:17 Feudal Age
12:29 Horse Collar
18:26 Castle Age
17:22 Scale Barding Armor
18:15 Double-Bit Axe
20:02 Padded Archer Armor
21:51 Bow Saw
21:55 Scale Mail Armor
21:47 Fletching
23:11 Pikeman
29:09 Husbandry
28:31 Light Cavalry
29:08 Gold Mining
29:09 Stone Mining
29:37 Chain Mail Armor
29:33 Forging
29:39 Leather Archer Armor
28:48 Elite Skirmisher
Connection lost

Rejoining the realm…

Still unreachable

The connection could not be restored.

Session expired

The server has moved on; the page needs a fresh start.